AoeStats
← BigOleGiraffe

QS Arena

503287655Analyzed
1v1 RM · 1mo ago on Aug 31, 2026· 61m 46s· 2 players
Game mode
Random Map
Map size
Tiny (2 player)
Population
200
Speed
Normal
Resources
Standard
Victory
Conquest
Starting age
Dark Age
Ending age
Imperial Age
RankedLock teamsTeams togetherTeam positionsShared explorationLock speedFull tech treeHidden civsTurbo modeCheats
Victory
Defeat
🇵🇪 Poles · Peru
1095
+18
🇨🇦 Maya · Canada
1142
-18
AlenForce
8:24 Feudal Age
6:46 Loom
13:24 Castle Age
11:28 Double-Bit Axe
17:23 Horse Collar
19:41 Bow Saw
24:25 Imperial Age
22:05 Heavy Plow
22:42 Gold Mining
24:22 Forging
25:14 Wheelbarrow
26:04 Iron Casting
30:12 Lechitic Legacy
30:41 Bloodlines
29:54 Cavalier
31:47 Husbandry
32:48 Blast Furnace
33:54 Scale Barding Armor
35:07 Chain Barding Armor
36:00 Scale Mail Armor
36:13 Szlachta Privileges
36:52 Stone Mining
37:40 Chain Mail Armor
39:20 Conscription
39:52 Plate Mail Armor
40:57 Stone Shaft Mining
41:45 Chemistry
40:50 Elite Obuch
43:37 Man-at-Arms
46:00 Bombard Tower
46:02 Light Cavalry
47:30 Winged Hussar
49:10 Long Swordsman
50:45 Siege Engineers
50:20 Two-Handed Swordsman
BigOleGiraffe
7:39 Feudal Age
12:09 Castle Age
10:38 Double-Bit Axe
12:26 Horse Collar
13:01 Bow Saw
19:27 Heavy Plow
20:33 Wheelbarrow
20:03 Loom
22:25 Stone Mining
22:41 Fletching
22:17 Crossbowman
22:33 Pikeman
23:11 Gold Mining
24:55 Thumb Ring
25:39 Bodkin Arrow
25:58 Squires
26:00 Scale Mail Armor
26:10 Forging
26:26 Ballistics
26:20 Masonry
30:18 Imperial Age
34:03 Imperial Age
34:57 Arbalester
36:57 Bracer
38:00 Chemistry
38:04 Padded Archer Armor
38:20 Halberdier
39:20 Chain Mail Armor
39:40 Iron Casting
39:58 Leather Archer Armor
41:09 Plate Mail Armor
41:23 Arson
45:24 Ring Archer Armor
45:22 Elite Skirmisher
46:58 Conscription
46:42 Hul'che Javelineers
Connection lost

Rejoining the realm…

Still unreachable

The connection could not be restored.

Session expired

The server has moved on; the page needs a fresh start.